 Dungeon Crawl Stone Soup version 0.22-a0-409-gb855193 (webtiles) character file.

42 emperorscorpion the Skirmisher (level 3, -1/24 HPs)
             Began as a Gargoyle Berserker on May 10, 2018.
             Was a Follower of Trog.
             Slain by a gnoll
             ... wielding a +0 spear
              (7 damage)
             ... on level 2 of the Dungeon.
             The game lasted 00:00:41 (786 turns).

emperorscorpion the Skirmisher (Gargoyle Berserker)  Turns: 786, Time: 00:00:42

Health: -1/24      AC:  5    Str: 21    XL:     3   Next: 56%
Magic:  3/3        EV: 12    Int:  7    God:    Trog [*.....]
Gold:   38         SH:  0    Dex:  9    Spells: 2/2 levels left

rFire    . . .     SeeInvis .   a - +3 flail
rCold    . . .     Gourm    .   (no shield)
rNeg     + . .     Faith    .   b - +0 animal skin
rPois    ∞         Spirit   .   (no helmet)
rElec    +         Reflect  .   (no cloak)
rCorr    .         Harm     .   (no gloves)
MR       .....                  (no boots)
Stlth    +.........             (no amulet)
HPRegen  0.08/turn              (no ring)
MPRegen  0.08/turn              (no ring)

@: berserk cooldown, slowed, very slow
A: negative energy resistance 1, electricity resistance, unbreathing,
petrification resistance, rot immunity, AC +3
a: Berserk, Renounce Religion


You were on level 2 of the Dungeon.
You worshipped Trog.
Trog was aware of your devotion.
You were hungry.

You visited 1 branch of the dungeon, and saw 2 of its levels.

You collected 38 gold pieces.

Inventory:

Hand Weapons
 a - a +3 flail (weapon)
 f - a +0 mace
Armour
 b - a +0 animal skin (worn)
Scrolls
 d - a scroll of magic mapping {unknown}
 e - 2 scrolls of remove curse {unknown}
Comestibles
 c - 2 rations
 g - a chunk of flesh


   Skills:
 + Level 3.8 Fighting
 + Level 3.7 Maces & Flails
 + Level 2.4 Armour
 + Level 1.9 Dodging


You had 2 spell levels left.
You didn't know any spells.

Dungeon Overview and Level Annotations

Branches:
Dungeon (2/15)

Altars:


Innate Abilities, Weirdness & Mutations

You are resistant to torment.
Your stone body is resilient. (AC +3)
You are immune to poison.
You resist negative energy. (rN+)
You are resistant to electric shocks. (rElec)
You can survive without breathing.
You are immune to petrification.
You are immune to rotting.


Message History

You are too injured to fight recklessly!
You are too injured to fight recklessly!
You sock the gnoll!
The gnoll is severely wounded.
The gnoll closely misses you. The gnoll hits you but does no damage.
The gnoll barely misses you.
You closely miss the gnoll.
The gnoll is severely wounded.
The gnoll misses you. x2; The gnoll hits you but does no damage.
The gnoll hits you from afar with a spear.
* * * LOW HITPOINT WARNING * * *
You bludgeon the gnoll!!
You kill the gnoll!
Trog accepts your kill.
The gnoll hits you from afar with a spear.
* * * LOW HITPOINT WARNING * * *
The gnoll hits you but does no damage.
You are feeling hungry.
The gnoll hits you with a spear!
You die...

.# .# .# ##.##
#... #..# #g.#
#@$# #).#
#.###..###...
#............
#####.####.##
##.##
##.#.###.#
#.###....#
##.#.#########


You could see a gnoll.

Vanquished Creatures
  An adder (D:2)
  3 gnolls (D:2)
  A goblin (D:1)
  A quokka (D:2)
  A frilled lizard (D:2)
7 creatures vanquished.

Notes
Turn   | Place    | Note
-------+----------+-------------------------------------------
     0 | D:1      | emperorscorpion the Gargoyle Berserker began the quest for the Orb.
     0 | D:1      | Reached XP level 1. HP: 14/14 MP: 1/1
   435 | D:2      | Reached XP level 2. HP: 2/19 MP: 2/2
   781 | D:2      | Reached XP level 3. HP: 17/24 MP: 3/3
   786 | D:2      | Slain by a gnoll

Vault maps used:
D:1:      mrwooster_arrival_statue_3

Action                   || total
-------------------------++-------
Melee: Mace              ||    28
       Flail             ||     5
Invok: Berserk           ||     1
Armor: Animal skin       ||    11
Dodge: Dodged            ||    28

Table legend:
 A = Spawn XP
 B = Non-spawn XP
 C = Spawn XP percentage of total XP
 D = Spawn monster count
 E = Non-spawn monster count
 F = Spawn count percentage of total count
 G = Total turns spent on level
                    A         B        C        D         E        F      G
               +---------+---------+-------+---------+---------+-------+---------
         Total |       0 |      61 |   0.0 |       0 |       7 |   0.0 |   786
               +---------+---------+-------+---------+---------+-------+---------
           D:1 |       0 |       2 |   0.0 |       0 |       1 |   0.0 |   402
           D:2 |       0 |      59 |   0.0 |       0 |       6 |   0.0 |   384
               +---------+---------+-------+---------+---------+-------+---------
